cohdb
Replays
Latest Replays
All Replays
Popular Replays
Top Player Replays
Match Explorer
How It Works
Community
CoH3 Stats
Reddit
Sign in to upload your games and track your stats! →
Sign in with Steam
Match 41564996
Unlisted
Match 41564996
Overview
Messages
Build Orders
End
Construct Barracks
Selects Special Operations Battlegroup
Selects M29 Weasel Recon Vehicle
M29 Weasel Recon Vehicle
Riflemen Squad
M1 Mortar Team
Riflemen Squad
M1 Mortar Team
Selects Smoke Screen
Air Support Center
Construct Weapon Support Center
Smoke Screen
M3 Armored Personnel Carrier
P-47 Dive Bomb
M1919 Machine Gun Team
Construct Motor Pool
P-47 Strafing Run
Grasshopper Recon Run
Smoke Screen
M8 Greyhound Armored Car
P-47 Strafing Run
P-47 Dive Bomb
Engineer Squad
M8 Greyhound Armored Car
Smoke Screen
Grasshopper Recon Run
M24 Chaffee Light Tank
P-47 Strafing Run
Double Sortie
Grasshopper Recon Run
P-47 Strafing Run
Air Supremacy
Selects P-47 Anti-Infantry Loiter
Engineer Squad
RooRoolen
Za9alchi
Tatari◑。
荒喃
trempets
고양이귀 에스텔
0
0
Comments
sign in to comment!
No comments posted yet!